[Event "Pro Chess League 2023"]
[Site "Chess.com"]
[Date "2023.03.17"]
[Round "1"]
[White "Ghosh, Diptayan"]
[Black "Bortnyk, Olexandr"]
[Result "1-0"]
[WhiteElo "2565"]
[BlackElo "2605"]
[ECO "A50"]
[EventDate "2023.??.??"]
[Annotator "rafael"]
[PlyCount "145"]
[Beauty "5705192964615"]
[EventType "schev"]
[EventRounds "3"]
[TimeControl "600+2"]

1.d4 Nf6 2.Nf3 b6 3.g3 Bb7 4.Bg2 g6 5.O-O Bg7 6.c4 O-O {This variation with the double fianchetto is original and risky, as it gives away the center to White. Bortnik is an expert in this line, also played recently by Carlsen in an important game.} 7.d5 {This is the machine's favorite move. The plan is simple: to play Nc3 followed by e4.} ( 7.Nc3 Ne4 $1 {[%c_effect e4;square;e4;type;GreatFind;persistent;true] Black manages to exchange knights, and the position becomes easier to play.} ) ( 7.Re1 e6 8.Bf4 d6 {This was played in Nakamura-Carlsen, Airthings Masters (rapid) 2023.} ) 7...b5 $6 ( 7...Na6 {This was Carlsen's choice in 2023.} 8.Nc3 Nc5 9.Nd4 e5 $1 10.Nc2 a5 11.b3 d6 12.e4 Bc8 {Black has the typical position he wants when choosing this system. The f6-knight will move to allow the f-pawn's advance soon. Erigaisi-Carlsen, Wijk aan Zee 2023. The World Champion won an excellent game.} ) 8.Qb3 $1 {[%c_effect b3;square;b3;type;GreatFind;persistent;true] Exploiting the pin.} 8...a6 ( 8...c6 9.Nc3 $1 ( 9.dxc6 {Black has decent compensation for the pawn after this move.} 9...Nxc6 10.cxb5 ( 10.Qxb5 Rb8 ) 10...Na5 11.Qd3 a6 ) 9...cxd5 10.cxb5 $6 ( 10.cxd5 $1 {[%c_effect d5;square;d5;type;GreatFind;persistent;true] gives White the advantage.} ) 10...a6 11.Nd4 e6 {and Black went on to win in Shevchenko-Carlsen, MrDodgy Online (blitz) 2022.} ) 9.Nc3 c6 ( 9...Qc8 {Bortnik had played this position before.} 10.cxb5 ( 10.Rd1 $1 ) 10...axb5 11.Qxb5 c6 12.dxc6 Nxc6 {with some compensation for the pawn in Andreikin-Bortnyk, Titled Tuesday 2021.} ( 12...Bxc6 $1 {[%c_effect c6;square;c6;type;GreatFind;persistent;true] is even better.} ) ) 10.Rd1 {A new move.} ( 10.e4 Qc8 11.cxb5 axb5 12.Rd1 Na6 13.Be3 {This was Fridman-Iturrizaga Bonelli, Wch Blitz Berlin 2015. White has a small plus.} ) ( 10.a4 $1 {[%c_effect a4;square;a4;type;GreatFind;persistent;true] This is a new move that wins a pawn and makes my computer very happy.} ) 10...cxd5 ( 10...Qc8 {doesn't solve the problems since White can play} 11.d6 $1 ) 11.cxd5 d6 12.a4 ( 12.Nd4 {is also tempting.} ) 12...Nbd7 13.Be3 $1 {[%c_effect e3;square;e3;type;GreatFind;persistent;true] The most accurate move.} ( 13.axb5 $6 Nc5 14.Qb4 axb5 {Black has a fine position.} ) ( 13.Nd4 Nc5 14.Qa3 {This is also possible, but the move played in the game is more promising.} ) 13...Nc5 {After this move, the game goes to an endgame by force where White has an extra pawn, and Black fights for a draw.} ( 13...Ng4 {is the alternative.} 14.Bd4 Bxd4 15.Nxd4 Nc5 16.Qa3 {Here White keeps an unpleasant pressure on the queenside. The knight will soon go to c6.} ) 14.Bxc5 dxc5 15.axb5 axb5 16.Qxb5 Rxa1 17.Rxa1 Bxd5 18.Rd1 Qa8 19.Qxc5 ( 19.Nxd5 Nxd5 20.Ne1 e6 21.Bxd5 exd5 22.Qxc5 Bxb2 23.Qxd5 Qxd5 24.Rxd5 {This is an interesting endgame. I believe that Black should draw with accurate play, but the task will certainly not be easy. Anyway, I'm not the most qualified person to talk about this ending: I once lost a similar position to GM Bologan.} ) 19...Bxf3 $2 ( 19...e6 $1 {[%c_effect e6;square;e6;type;GreatFind;persistent;true] is the correct move. Black has good reasons to dream of a draw.} ) 20.Bxf3 Qb8 21.Rd2 $2 ( 21.b4 $1 {[%c_effect b4;square;b4;type;GreatFind;persistent;true] Passed pawns must be pushed, a wise man once said. It's always easy to give advice after looking at the computer's moves. But the fact is that Black is lost here: the bishop goes to c6, the pawn to b5, and the conversion is easy.} ) 21...e6 22.Kg2 h5 23.h4 Rc8 24.Qb5 Qxb5 25.Nxb5 Rb8 26.Nd4 {Another endgame that should be drawn with perfect play. But perfection is impossible, even more so in a rapid game.} 26...Rb6 ( 26...Ne8 27.e3 Kf8 {The computer already claims a draw here, I'm not sure why.} ) 27.Nc6 Bf8 28.e3 Kg7 29.Ne5 Rb5 30.Nc4 Be7 31.Rc2 Nd5 ( 31...Rc5 {it's also possible to simply wait.} ) 32.Bxd5 exd5 33.Ne5 Bf6 $2 {[%c_effect f6;square;f6;type;Mistake;persistent;true] After this, the defensive task is really difficult.} ( 33...Rb3 $1 {[%c_effect b3;square;b3;type;GreatFind;persistent;true] is the best move, taking the d3-square from the knight.} 34.Rd2 Bb4 $1 35.Rxd5 Rxb2 {And again, we have this endgame where White will press for many moves, but Black can dream of drawing.} ) 34.Nd3 Rb3 35.Rd2 d4 $6 ( 35...Be7 {is more stubborn.} ) 36.e4 $1 {[%c_effect e4;square;e4;type;GreatFind;persistent;true] Now the position is winning. The king will go to e2, the rook is free to become active, and then White can start advancing the kingside pawns.} 36...Bd8 37.e5 ( 37.Kf1 ) 37...Ba5 38.Rd1 Bc7 39.Kf1 $1 ( 39.Kf3 $2 Bxe5 ) 39...f6 40.exf6+ ( 40.Nc5 $1 {[%c_effect c5;square;c5;type;GreatFind;persistent;true] wins immediately.} 40...Rb6 41.exf6+ Rxf6 ( 41...Kxf6 42.Nd7+ ) 42.Rxd4 ) 40...Kxf6 41.Ke2 Bd6 42.Rc1 Ke6 43.Rc8 Rb6 44.Rg8 Kf7 45.Ra8 Ke6 46.Kf3 Kd5 47.Ra5+ Kc4 48.Ke4 {The d-pawn is doomed.} 48...Bb4 49.Rd5 Re6+ 50.Ne5+ Kb3 51.Rxd4 Be1 52.f4 Kxb2 53.Kf3 Kb3 54.Rd7 Bc3 55.Rg7 Bxe5 56.fxe5 Rxe5 57.Rxg6 {The rest is easy: Black's king is too far away, and the h5-pawn will soon fall.} 57...Kc4 58.Rg5 Kd4 59.Kf4 Re4+ 60.Kf5 Re3 61.Kg6 Ke4 62.Kxh5 Kf3 63.g4 Re8 64.Rg7 Kg3 65.Rh7 Re4 66.Ra7 Re8 67.g5 Rh8+ 68.Kg6 Kxh4 69.Ra4+ Kg3 70.Kg7 Rb8 71.g6 Rb7+ 72.Kh6 Ra7 73.Rxa7 1-0

[Event "Pro Chess League Main Event 2023 Week 1"]
[Site "Chess.com"]
[Date "2023.03.16"]
[Round "4"]
[White "Caruana, Fabiano"]
[Black "Deac, Bogdan Daniel"]
[Result "1-0"]
[WhiteElo "2766"]
[BlackElo "2700"]
[ECO "D40"]
[EventDate "2023.??.??"]
[Annotator "rafael"]
[PlyCount "89"]
[Beauty "7354997278729"]
[EventType "team-tourn"]
[TimeControl "600+2"]

1.c4 Nf6 2.Nc3 c5 3.Nf3 e6 4.e3 d5 5.d4 a6 {This is a popular move to keep the central tension and avoid a possible development of White's bishop on b5.} ( 5...Nc6 ) 6.cxd5 exd5 7.Bd3 {This is only the fourth-most-played move. The bishop normally goes to e2 or even g2 after 7.g3. Capturing on c5 is also a popular choice.} 7...Nc6 8.O-O {Why is bishop development on d3 not so popular $2 Mainly for two reasons: Black can now play c5-c4 and attack the bishop, or else play the Bg4 with an unpleasant pin.} 8...Bg4 ( 8...Be6 9.dxc5 Bxc5 10.b3 O-O 11.Bb2 {This was played in Caruana-Carlsen, Speed Chess Chess.com 2022 (blitz).} ) ( 8...c4 {This move has the clear disadvantage of relieving central tension and giving a free pass so that White can play with e3-e4 soon.} 9.Bc2 ) 9.Be2 {Modern times. White plays Bd3 and returns with the bishop to e2 soon. What's the logic of that $2 Caruana's idea will soon become clear.} 9...Rc8 ( 9...Bd6 10.dxc5 Bxc5 11.Nd4 $1 {[%c_effect d4;square;d4;type;GreatFind;persistent;true] This is the point. It turns out that the bishop on g4 also has its problems because after the exchange on e2, White is happy with the pressure on the isolated pawn. This was played in Ivanisevic-Indjic, Bajina Basta 2022. Now Black should have exchanged bishops.} 11...Bxe2 12.Ncxe2 Nxd4 13.Nxd4 O-O 14.b3 {With maybe a tiny advantage for White, although I don't think the position is dangerous for Black.} ) 10.Ne5 {A new move, again trying to exploit the bishop on g4.} ( 10.h3 Be6 11.Bd3 Bd6 ( 11...c4 {Maybe now is the time for this move.} 12.Bc2 Bb4 ) 12.dxc5 Bxc5 13.Ne2 O-O 14.b3 Ne4 15.Bb2 {With a slight advantage for White in Gukesh-Carlsson, Stavanger 2021.} ) 10...Be6 ( 10...Bxe2 {Of course, exchanging bishops also deserves consideration.} 11.Qxe2 cxd4 12.exd4 Be7 ( 12...Nxd4 {leads to a complicated game after} 13.Qd1 Bc5 14.Bg5 ) 13.Nxc6 Rxc6 {The computer is not impressed with White's position here.} ) 11.Bf3 ( 11.Nxc6 {This capture looks natural because now Black is forced to capture with the rook.} 11...Rxc6 ( 11...bxc6 $2 12.Bxa6 ) 12.dxc5 Bxc5 13.Bf3 O-O {Black has a fine position. The isolated queen's pawn also has its benefits: here Black's pieces enjoy free play.} ) 11...Qc7 ( 11...Bd6 {is more accurate.} 12.Nxc6 bxc6 {with more or less equal play.} ) 12.Nxc6 bxc6 13.Ne2 ( 13.e4 $1 {[%c_effect e4;square;e4;type;GreatFind;persistent;true] is more decisive.} 13...cxd4 14.exd5 cxd5 15.Qxd4 Bd6 16.Qa4+ $1 Qc6 17.Qxc6+ Rxc6 18.Be3 {with a small advantage for White in the endgame.} ) 13...Bd6 14.h3 cxd4 ( 14...c4 $5 {[%c_effect c4;square;c4;type;Interesting;persistent;true] This is usually a positional mistake because White can break the pawn structure with b2-b3, but here matters are not so clear.} 15.b3 g5 $1 {[%c_effect g5;square;g5;type;GreatFind;persistent;true] Surprisingly Black starts an attack on the kingside, and for this reason the move c5-c4 is useful, closing the center. The position becomes very sharp. If White plays} 16.bxc4 $6 {[%c_effect c4;square;c4;type;Inaccuracy;persistent;true] the attack is very strong after} 16...h5 ) 15.exd4 ( 15.Nxd4 {is a natural recapture.} 15...Bd7 {with an equal position.} ( 15...c5 16.Nxe6 fxe6 17.e4 $5 dxe4 18.Be2 {with excellent compensation for the pawn, due to the damaged pawn structure.} ) ) 15...O-O 16.Qd3 Qb7 {The computer is not worried about the a6-pawn and suggests sacrificing it.} ( 16...Rce8 $5 17.Qxa6 Ne4 {with excellent compensation. Maybe Black will follow up with f7-f5 and even g7-g5 in the future.} ) 17.Bf4 $1 Be7 18.b3 Qb5 19.Qe3 Rfe8 20.Nc3 Qa5 21.Na4 {A useful square for the knight, avoiding the c7-c5 break. They say, \"A knight on the rim is dim,\" but every rule has an exception.} 21...Bf5 22.Qc1 Nd7 ( 22...Ne4 {is more active and looks fine.} ) 23.Re1 Bf6 24.Rxe8+ Rxe8 25.Be3 {Caruana keeps trying to control the c5-break, but it comes anyway.} 25...c5 $1 ( 25...Re6 {is also possible, avoiding any complications, but the move played in the game is objectively fine.} ) 26.Nxc5 $1 {[%c_effect c5;square;c5;type;GreatFind;persistent;true] An excellent exchange sacrifice.} 26...Nxc5 27.dxc5 Bxa1 28.Qxa1 {As compensation for the exchange, White has a dangerous pawn on c5 and the dark-squared bishop. If he manages to consolidate the position, then Black is in danger.} 28...Be4 29.Bg4 Qb5 ( 29...d4 $5 {[%c_effect d4;square;d4;type;Interesting;persistent;true] A computer move that starts an interesting counterplay.} 30.Qxd4 ( 30.Bxd4 Bg6 {is dangerous for White, as the rook invasion on e1 can't be stopped easily, for instance:} 31.Be3 $6 f5 $1 32.Bf3 f4 $1 ) 30...Qe1+ 31.Kh2 Qf1 32.f3 Bc6 {According to the computer, Black has enough counterplay to equalize. A strange variation and a difficult assessment for a human.} ) 30.Qc3 ( 30.Qd4 ) 30...Qc6 31.Bd4 f6 $6 {[%c_effect f6;square;f6;type;Inaccuracy;persistent;true] Now the position becomes dangerous for Black.} ( 31...Qg6 $1 {[%c_effect g6;square;g6;type;GreatFind;persistent;true] is better.} 32.Qg3 {Necessary in order to protect g2.} 32...f5 33.Be2 Qxg3 34.fxg3 Re6 35.Kf2 Bb1 36.a3 Bc2 37.b4 Kf7 {with a balanced endgame.} ) 32.a4 Bg6 33.b4 h5 $6 ( 33...Qxa4 $6 34.c6 ) ( 33...Re7 {is better, although White has easier play after} 34.Bd1 ) 34.Bd1 Bf7 35.Bc2 {White has managed to stabilize his position and has a comfortable advantage.} 35...Qe6 $2 {[%c_effect e6;square;e6;type;Mistake;persistent;true] This move allows a fatal advance of the white pawns on the queenside.} ( 35...Kf8 ) 36.b5 axb5 37.axb5 Qe1+ 38.Qxe1 Rxe1+ 39.Kh2 Be8 40.c6 {The pawns are unstoppable.} 40...Rc1 41.Bb3 Kf7 42.Bxd5+ Ke7 43.Be3 ( 43.b6 $1 {[%c_effect b6;square;b6;type;GreatFind;persistent;true] is also good.} 43...Kd8 ( 43...Rxc6 44.b7 ) ( 43...Bxc6 44.Bxc6 Rxc6 45.b7 ) 44.b7 Kc7 45.Ba7 Rb1 46.Kg3 {Black is paralyzed.} ) 43...Rc3 ( 43...Kd6 {is the best chance, although the endgame with opposite-colored bishops is winning for White.} 44.Bxc1 Kxd5 45.Ba3 Kc4 46.Bf8 $1 g6 ( 46...Kxb5 47.c7 Bd7 48.Bxg7 Kb6 49.Bxf6 Kxc7 50.Kg3 Kd6 51.Kh4 Be8 52.Kg5 Ke6 53.Bc3 {Followed by the advance of the pawns.} ) 47.Be7 Kxb5 ( 47...f5 {White wins in nice fashion:} 48.Kg3 Kxb5 49.c7 Bd7 50.Kf4 Kc6 51.Bd8 Kb7 52.Kg5 Be8 53.f3 Kc8 54.h4 Kd7 55.Kf6 {Black is in zugzwang.} 55...Kc8 56.Ke7 Bb5 57.Kf7 Bf1 58.Kxg6 Bxg2 59.f4 {And White wins.} ) 48.c7 Bd7 49.Bxf6 {with an easily winning endgame.} ) 44.b6 $1 Rxc6 45.b7 1-0

[Event "The American Cup | Group A 2023"]
[Site "Chess.com"]
[Date "2023.03.17"]
[Round "1"]
[White "Nakamura, Hikaru"]
[Black "Sevian, Samuel"]
[Result "1-0"]
[WhiteElo "2768"]
[BlackElo "2687"]
[ECO "C77"]
[EventDate "2023.??.??"]
[Annotator "rafael"]
[PlyCount "103"]
[Beauty "6872081895945"]
[EventType "schev"]
[EventRounds "3"]
[TimeControl "5400+30"]

1.e4 e5 2.Nf3 Nc6 3.Bb5 a6 4.Ba4 Nf6 5.d3 d6 6.c4 {One of many possible variations for White on the Ruy Lopez with an early d3.} 6...Bg4 ( 6...g6 {is the most popular move and, judging by what happened in this game, is the most reliable.} ) 7.h3 Bxf3 8.Qxf3 Nd7 9.Be3 Be7 10.Nc3 Nf8 {A move that seems quite logical, taking the knight to e6. However, this position is yet another case that when in doubt, castling is best.} ( 10...O-O $1 ) 11.Ne2 $1 {[%c_effect e2;square;e2;type;GreatFind;persistent;true] A strong new move, almost certainly discovered by Nakamura over the board and not as a result of home preparation. White is ready to play d3-d4 and will get a comfortable advantage.} ( 11.Nd5 Ne6 12.Nb4 Qd7 13.Nxc6 bxc6 {This gave no particular advantage in Bokros-Brunello, Antalya 2017.} ) 11...Ne6 12.d4 exd4 13.Nxd4 Nxd4 14.Bxd4 O-O 15.Bxc6 bxc6 16.Rd1 {White's advantage is not decisive, far from it, but it's the kind of position that grandmasters love. A pressure \"for free\" without risks. The worst that can happen, if Black defends very well, is a draw. Based on this, we can say that the opening was a success for Nakamura. The advantage is due to what will be the main strategic theme throughout the game: pawn structure. For now, White has a space advantage and a more compact structure with only two islands.} 16...Re8 ( 16...Bf6 {This leads to an endgame similar to what we see later.} 17.Bxf6 Qxf6 18.Qxf6 gxf6 {White has a small advantage.} ) 17.O-O Bf6 {During my analysis I looked for alternatives, but it's very likely that Sevian's move is really the best.} ( 17...Bf8 18.e5 Qd7 {This is also possible, although White keeps the pressure.} ) ( 17...Qc8 18.e5 c5 19.Bc3 Bf8 20.Rfe1 {with a clear positional plus.} ) 18.c5 $1 {[%c_effect c5;square;c5;type;GreatFind;persistent;true] More accurate than the immediate exchange on f6.} ( 18.Bxf6 Qxf6 19.Qxf6 gxf6 {The e4-pawn is threatened, and Black can play Re5 next.} ) 18...Re6 ( 18...Bxd4 {is also possible. It's very hard to evaluate which defensive option is the best.} 19.Rxd4 Re6 20.Rc1 {White is better in this heavy-piece endgame.} ) 19.Bxf6 Qxf6 20.Qxf6 gxf6 $6 {[%c_effect f6;square;f6;type;Inaccuracy;persistent;true] This one I really don't like, although I'm certainly biased by what will happen later in the game.} ( 20...Rxf6 21.f3 Kf8 {I think this gives better chances of defending, as there are fewer weaknesses.} ) 21.f3 Rb8 22.Rf2 Rb5 $2 {[%c_effect b5;square;b5;type;Mistake;persistent;true] The situation gets more serious after this mistake. Better chances are given by} ( 22...dxc5 $1 {[%c_effect c5;square;c5;type;GreatFind;persistent;true] The structure is not very good looking, I admit, but it's not clear what's the best way for White to exploit it, for instance:} 23.Rc1 Rb5 24.Rc4 Rd6 25.Rfc2 a5 $1 26.Kf2 Rd4 27.b3 a4 $1 {[%c_effect a4;square;a4;type;GreatFind;persistent;true] and suddenly Black has some counterplay.} ) 23.Rc2 $1 dxc5 24.Rd7 Rd6 25.Rxc7 {With such a horrible pawn structure, I think it's safe to say that Black is already lost.} 25...c4 26.Kf2 Rb6 27.Ke3 Kg7 28.Ra7 $1 {[%c_effect a7;square;a7;type;GreatFind;persistent;true] Nakamura plays with computer precision. This move enslaves the black rook and guarantees a possible plan with a2-a4.} 28...Rd3+ 29.Kf4 Rd4 30.h4 $1 {[%c_effect h4;square;h4;type;GreatFind;persistent;true] There's no reason to rush, as there's no counterplay for Black. Advancing the kingside pawns is a good idea.} 30...Kg6 31.h5+ Kg7 ( 31...Kxh5 32.Ra8 $1 {[%c_effect a8;square;a8;type;GreatFind;persistent;true] The nicest way to win. The rook goes to g8, and the king is in a mating net.} ( 32.Kf5 {This simple move is also good.} ) ) 32.Ra8 ( 32.h6+ {is also enough for a win.} 32...Kxh6 ( 32...Kg6 33.Ra8 $1 ) 33.Rxf7 Kg6 34.Ra7 {White's plan is to play g4 followed by Rh2.} ) 32...h6 33.a4 $1 c5 34.a5 Rc6 35.Rb8 Kh7 {The rook is ready to go to b6.} 36.Ke3 Kg7 37.Ke2 {The point of this king withdrawal becomes clear in a moment.} 37...Re6 ( 37...f5 {is a desperate attempt to get some counterplay, but it's not enough. White is winning easily after} 38.exf5 Kf6 39.g4 ) 38.g4 Rc6 39.Rd2 $1 {[%c_effect d2;square;d2;type;GreatFind;persistent;true] This is the point. White plays without prejudice: the rooks will be exchanged, and this theoretically improves Black's structure, but in chess, calculation takes precedence over aesthetics.} 39...Rc7 40.Rb6 Rcd7 41.Rxd4 cxd4 42.Rxa6 {White wins a pawn, but not only that: the horrible structure on the kingside means the king cannot move. This will be exploited, and Black will soon find himself in zugzwang. This term is very well known in chess and signifies a situation in which every possible move worsens your position. You would prefer to pass, something that is not allowed in chess. I never get tired of admiring the genius of those who create and improve the rules of our beloved game.} 42...Rc7 43.Rd6 Rb7 ( 43...c3 44.bxc3 dxc3 45.Kd1 c2+ 46.Kc1 Ra7 47.a6 Rc7 48.Rd3 Ra7 49.Ra3 {The c2-pawn falls and White wins.} ) 44.Rb6 Rc7 45.a6 c3 46.bxc3 Rxc3 ( 46...dxc3 47.Kd1 ) 47.a7 Ra3 48.Rb7 {That's it: zugzwang is approaching. The king cannot move, either to a check on b8 or because the f7-pawn falls. If the rook leaves the third rank, then White's king advances.} 48...Re3+ 49.Kd2 Ra3 50.Rc7 f5 ( 50...d3 51.Rb7 ) 51.e5 fxg4 52.fxg4 {A game played perfectly by Nakamura that serves as a didactic model for the topic of pawn structure.} 1-0